 Dungeon Crawl Stone Soup version 0.28-a0-268-g3f656e82c2 (webtiles) character file.

Game seed: 1460461714739252385

72489 avis the Transmogrifier (level 15, -1/205 HPs)
             Began as an Ogre Transmuter on Aug 21, 2021.
             Was an Initiate of Gozag.
             Killed from afar by a spriggan druid (28 damage)
             ... with a stone arrow
             ... on level 2 of the Swamp on Aug 28, 2021.
             The game lasted 03:12:08 (28686 turns).

avis the Transmogrifier (Ogre Transmuter)          Turns: 28686, Time: 03:12:08

Health: -1/205     AC: 10    Str: 16    XL:     15   Next: 40%
Magic:  29/29      EV: 10    Int: 17    God:    Gozag
Gold:   2995       SH:  0    Dex:  9    Spells: 2/34 levels left

rFire   x . .      SeeInvis .     - Unarmed
rCold   + + +      Faith    .   (shield currently unavailable)
rNeg    . . .      Spirit   .   (armour currently unavailable)
rPois   +          Reflect  .   (helmet currently unavailable)
rElec   .          Harm     .   (cloak currently unavailable)
rCorr   +          Rampage  .   (gloves unavailable)
Will    ++...                   (boots unavailable)
Stlth   +.........              (no amulet)
HPRegen 0.44/turn               j - ring of willpower
MPRegen 0.21/turn               q - ring of resist corrosion

@: about to teleport, ice-form, gold aura, hasted, very quick
A: freezing attack, amphibious, boosted hp, large, unfitting armour, (tough skin
1), (fangs 2), dopey 1, robust 1, weak 1
a: End Transformation, Renounce Religion, Potion Petition, Call Merchant, Bribe
Branch


You were on level 2 of the Swamp.
You worshipped Gozag.
Gozag was most pleased with you.
You were a creature of crystalline ice.
You visited 5 branches of the dungeon, and saw 18 of its levels.

You collected 4930 gold pieces.
You spent 691 gold pieces at shops.
You paid 1244 gold pieces to Gozag.

Inventory:

Hand Weapons
 a - the +8 hand axe of Offence (melded) {freeze, rC+ Int+4 Dex+2}
   (You found it on level 7 of the Dungeon)

   It freezes those it strikes, dealing additional cold damage.
   It can also slow down cold-blooded creatures.
   Int:       It affects your intelligence (+4).
   Dex:       It affects your dexterity (+2).
   rC:        It protects you from cold.
 b - a +1 spear of freezing
Armour
 g - a +1 kite shield of poison resistance (melded)
 p - a +0 cloak (melded)
 E - the +3 crown of Dyrovepreva (melded) {rElec Int+2 SInv}
   (You found it on level 5 of the Lair of Beasts)

   Int:       It affects your intelligence (+2).
   rElec:     It insulates you from electricity.
   SInv:      It lets you see invisible.
 R - a +2 robe of willpower (melded)
Jewellery
 j - a ring of willpower (left front paw)
 m - a ring of ice
 q - a ring of resist corrosion (right front paw)
 r - a ring of see invisible
 A - a ring of protection from fire
 P - a ring of positive energy
Wands
 f - a wand of iceblast (24)
 t - a wand of acid (4)
 u - a wand of flame (26)
 w - a wand of mindburst (21)
 G - a wand of charming (5)
 L - a wand of digging (3)
 O - a wand of paralysis (5)
Scrolls
 c - 9 scrolls of teleportation
 h - 2 scrolls of identify
 i - 3 scrolls of blinking
 n - a scroll of magic mapping
 o - a scroll of enchant weapon
 s - a scroll of vulnerability
 x - a scroll of torment {unknown}
 y - 3 scrolls of noise
 z - a scroll of summoning
 M - a scroll of holy word
 N - a scroll of silence
 U - a scroll of enchant armour
Potions
 d - 2 potions of cancellation
 e - 3 potions of might
 k - 3 potions of mutation
 l - 2 potions of magic
 v - 2 potions of flight
 B - 3 potions of brilliance
 C - a potion of haste
 D - 6 potions of curing
 I - a potion of ambrosia
 J - a potion of berserk rage


   Skills:
 + Level 11.9 Fighting
 - Level 5.0 Dodging
 - Level 9.0 Shields
 * Level 11.9 Unarmed Combat
 - Level 10.0 Spellcasting
 - Level 5.0 Translocations
 * Level 11.9 Transmutations
 - Level 4.0 Ice Magic
 - Level 8.0 Earth Magic
 - Level 2.0 Poison Magic


You had 2 spell levels left.
You knew the following spells:

 Your Spells              Type           Power      Damage    Failure   Level
b - Blink                 Tloc           N/A        N/A       1%          2
c - Passwall              Tmut/Erth      35%        N/A       1%          2
o - Teleport Other        Tloc           25%        N/A       3%          3
p - Spider Form           Tmut/Pois      16%        N/A       1%          3
q - Ice Form              Ice/Tmut       35%        N/A       3%          4
D - Dragon Form           Tmut           24%        N/A       47%         7
M - Manifold Assault      Tloc           25%        N/A       30%         5
S - Statue Form           Tmut/Erth      28%        N/A       22%         6

Your spell library contained the following spells:

 Spells                   Type           Power      Damage    Failure   Level
 Beastly Appendage        Tmut           98%        N/A       1%          1
 Wereblood                Tmut           49%        N/A       1%          2
 Summon Small Mammal      Summ           32%        N/A       9%          1
 Sublimation of Blood     Necr           4%         N/A       13%         2
 Petrify                  Tmut/Erth      42%        N/A       1%          4
 Gell's Gravitas          Tloc           12%        N/A       3%          3
 Lesser Beckoning         Tloc           12%        N/A       3%          3
 Stone Arrow              Conj/Erth      44%        3d9       4%          3
 Animate Armour           Summ/Erth      44%        N/A       16%         4
 Irradiate                Conj/Tmut      14%        3d18      21%         5
 Call Canine Familiar     Summ           8%         N/A       26%         3
 Summon Guardian Golem    Hex/Summ       8%         N/A       26%         3
 Cause Fear               Hex            4%         N/A       63%         4
 Bolt of Magma            Conj/Fire/Erth 8%         4d6       63%         5
 Fireball                 Conj/Fire      4%         3d4       93%         5
 Starburst                Conj/Fire      4%         6d3       100%        6
 Ignition                 Fire           4%         3d4       100%        8
 Lehudib's Crystal Spear  Conj/Erth      11%        10d4      100%        8
 Chain Lightning          Conj/Air       4%         3d5       100%        9
 Dragon's Call            Summ           4%         N/A       100%        9
 Fire Storm               Conj/Fire      4%         8d1       100%        9


Dungeon Overview and Level Annotations

Branches:
Dungeon (8/15)             Temple (1/1) D:6            Lair (6/6) D:8
  Swamp (1/4) Lair:2        Snake (1/4) Lair:3        Slime (0/5) Lair:5

Altars:
Ashenzari
Cheibriados
Dithmenos
Elyvilon
Fedhas
Gozag
Hepliaklqana
Kikubaaqudgha
Makhleb
Nemelex Xobeh
Okawaru
Qazlal
Ru
Sif Muna
Trog
Uskayaw
Vehumet
Wu Jian
Xom
Yredelemnul
The Shining One
Jiyva

Shops:
D:1 (   D:4 [   D:5 *   D:7 *

Annotations:
D:4 2 runed translucent doors, powerkranz's ghost, amateur DsCK
Lair:1 2 transporters, Ynoky's ghost, novice DsFi
Lair:5 1 runed translucent door
Swamp:1 Mlioglotl


Innate Abilities, Weirdness & Mutations

You are a creature of crystalline ice.
You have a powerful freezing melee attack.
You are amphibious.
Your maximum health is increased.
Your armour is entirely melded.
You are incapable of wielding weapons or throwing items.
You are too large for most types of armour.
((You have tough skin. (AC +1)))
((You have extremely sharp teeth.))
You are dopey. (Int -2)
You are robust. (+10% HP)
You are weak. (Str -2)


Message History

You kill the swamp worm!
The swamp worm fires a harpoon shot at you.
The harpoon shot hits you!
You are yanked forward by the harpoon shot.
A will-o-the-wisp comes into view.
The will-o-the-wisp gives a chilling moan.
You punch the swamp worm! You freeze the swamp worm.
The swamp worm is heavily wounded.
The spriggan hits you with a +0 rapier.
You punch the swamp worm! You freeze the swamp worm.
The swamp worm is almost dead.
The spriggan rider hits you from afar with a +0 spear!
The swamp worm bites you. The spriggan barely misses you.
You pummel the swamp worm!! You freeze the swamp worm.
You kill the swamp worm!
The spriggan rider barely misses you. The tyrant leech bites you!!
The tyrant leech draws strength from your injuries!
The will-o-the-wisp gestures.
The will-o-the-wisp conjures some foxfire! 2 foxfires come into view.
The foxfire hits you!!! The fire burns you terribly!
* * * LOW HITPOINT WARNING * * *
The foxfire hits you! The fire burns you terribly!
* * * LOW HITPOINT WARNING * * *
The spriggan druid calls out to the beasts of the wild!
As you read the scroll of teleportation, it crumbles to dust.
You feel strangely unstable.
A four-headed hydra comes into view.
The spriggan druid hits you with a +0 quarterstaff!
* * * LOW HITPOINT WARNING * * *
[a] - 408 gold - lignification, might and resistance [b] - 210 gold - haste [c] - 192 gold - might and brilliance Purchase which effect?
You no longer have enough gold to bribe branches to halt enemies' attacks and recruit allies.
You feel yourself speed up.
The spriggan druid points at you and mumbles some strange words.
The stone arrow hits you!!
You die...
Your body crumbles into a pile of gold.

≈§≈≈≈≈§≈. ♣♣
≈....≈[....♣♣.♣♣
.≈..D..≈≈.♣♣≈≈.♣
.≈.....≈§..♣≈..♣
.≈§..≈..≈≈....♣
.≈....v..≈..≈≈♣♣♣
..≈.≈≈.≈...$≈≈..♣♣
.≈≈.≈.i§♣i...≈...♣♣
..≈...≈w.♣Y§..≈..≈♣
≈.≈..≈≈i.♣♣.≈.≈.≈♣♣
.♣≈♣..≈...♣.....≈.♣
♣♣♣.♣.♣♣♣.♣.♣.♣♣
♣♣♣♣♣ ♣♣♣♣♣♣♣


You could see a four-headed hydra, a spriggan druid and a will-o-the-wisp.

Vanquished Creatures
  Rupert (Lair:5)
  Kirke (Swamp:1)
  A fenstrider witch (Swamp:1)
  A bunyip (Swamp:1)
  Snorg (Lair:6)
  Josephine (Lair:6)
  Fannar (Lair:3)
  9 hydras
  A boulder beetle (Lair:3)
  A catoblepas (Lair:5)
  A centaur warrior (D:8)
  A two-headed ogre (D:7)
  13 death yaks
  Pikel (D:7)
  5 oklob plants
  A manticore (D:8)
  13 elephants
  10 black mambas
  A gargoyle (D:6)
  2 rime drakes
  12 cane toads
  6 komodo dragons
  A bloated husk (Swamp:1)
  7 polar bears (Lair:6)
  9 hornets
  4 tyrant leeches
  2 trolls
  8 dream sheep (Lair:6)
  2 slime creatures (D:7)
  20 spriggans
  A hog (Swamp:1)
  3 wraiths (Lair:6)
  48 yaks
  3 basilisks
  6 wyverns
  A steam dragon (D:8)
  5 swamp worms
  Menkaure (D:6)
  27 water moccasins
  Duvessa (D:4)
  An orc warrior (D:8)
  3 sky beasts
  6 black bears
  A necrophage (D:7)
  A centaur (D:4)
  46 wolves
  3 boggarts (Lair:6)
  A lemure (D:6)
  Blork the orc (D:4)
  5 kobold brigands (D:7)
  2 scorpions
  22 bullfrogs
  Dowan (D:4)
  2 bullfrog zombies
  Crazy Yiuf (D:2)
  4 centaur zombies
  2 gnoll shamans (D:6)
  7 jellies
  A bullfrog skeleton (D:7)
  2 orc priests (D:3)
  3 hounds
  Jessica (D:2)
  A centaur skeleton (D:6)
  3 iguanas
  Ijyb (D:4)
  5 orc wizards
  A hound skeleton (D:4)
  A howler monkey zombie (D:6)
  4 adders
  3 gnolls (D:6)
  A howler monkey skeleton (D:6)
  A shadow imp (D:5)
  2 white imps
  An ufetubus (D:6)
  3 worms
  2 dart slugs
  20 orcs
  5 bats
  4 endoplasms
  A giant cockroach (D:1)
  4 goblins
  3 hobgoblins
  8 jackals
  3 quokkas
  7 ball pythons
  7 frilled lizards
  8 kobolds
  9 rats
  9 bushes
466 creatures vanquished.

Vanquished Creatures (others)
  2 foxfires (Swamp:2)
  26 fungi
  74 plants
  24 toadstools
126 creatures vanquished.

Grand Total: 592 creatures vanquished

Notes
Turn   | Place    | Note
-------+----------+-------------------------------------------
     0 | D:1      | avis the Ogre Transmuter began the quest for the Orb.
     0 | D:1      | Reached XP level 1. HP: 19/19 MP: 3/3
   435 | D:1      | Found a faded altar of an unknown god.
   441 | D:1      | Reached XP level 2. HP: 28/28 MP: 3/5
   580 | D:1      | Found Fagagh's Antique Weapon Shop.
  1193 | D:2      | Reached skill level 1 in Poison Magic
  1406 | D:2      | Reached XP level 3. HP: 33/36 MP: 6/6
  1410 | D:2      | Learned a level 3 spell: Spider Form
  1787 | D:2      | Found a runed translucent door.
  1788 | D:2      | Noticed Crazy Yiuf
  2327 | D:2      | Noticed Jessica
  2335 | D:2      | Killed Jessica
  2336 | D:2      | Reached XP level 4. HP: 40/45 MP: 3/7
  2447 | D:2      | Killed Crazy Yiuf
  2615 | D:3      | Found a shadowy altar of Dithmenos.
  2617 | D:3      | Noticed a shadow
  2620 | D:3      | Found a hazy altar of Hepliaklqana.
  2984 | D:3      | Reached XP level 5. HP: 53/53 MP: 6/8
  3636 | D:3      | Learned a level 4 spell: Ice Form
  3776 | D:4      | Reached skill level 1 in Ice Magic
  3776 | D:4      | Reached XP level 6. HP: 25/62 MP: 1/9
  4048 | D:4      | Noticed Blork the orc
  4061 | D:4      | Killed Blork the orc
  4222 | D:4      | Noticed Duvessa
  4262 | D:4      | Killed Duvessa
  4263 | D:4      | Reached XP level 7. HP: 28/70 MP: 8/10
  4263 | D:4      | Noticed Dowan
  4799 | D:4      | Killed Dowan
  4875 | D:4      | Learned a level 2 spell: Blink
  4977 | D:4      | Noticed Ijyb
  4985 | D:4      | Killed Ijyb
  5208 | D:4      | Found Sudetivitz's Antique Armour Shop.
  5243 | D:4      | Found a large runed translucent door.
  5243 | D:4      | Found a large runed translucent door.
  5244 | D:4      | Noticed powerkranz's ghost (amateur DsCK)
  5251 | D:4      | Upgraded the game from 0.28-a0-224-g76b539d98b to
                  | 0.28-a0-265-g048bc9fd10
  5551 | D:5      | Entered Level 5 of the Dungeon
  5633 | D:5      | Found a burning altar of Makhleb.
  5746 | D:5      | Found an iron altar of Okawaru.
  5866 | D:5      | Found Saxafurr's Assorted Antiques.
  6910 | D:6      | Reached skill level 5 in Transmutations
  6910 | D:6      | Reached skill level 1 in Translocations
  6910 | D:6      | Reached XP level 8. HP: 70/78 MP: 7/11
  7052 | D:6      | Found a shimmering altar of Xom.
  7058 | D:6      | Found a sparkling altar of Nemelex Xobeh.
  7063 | D:6      | Found a white marble altar of Elyvilon.
  7199 | D:6      | Found a staircase to the Ecumenical Temple.
  7205 | Temple   | Entered the Ecumenical Temple
  7385 | Temple   | Became a worshipper of Gozag Ym Sagoz the Greedy
  7846 | D:6      | Noticed a gargoyle
  8189 | D:6      | Killed a gargoyle
  8190 | D:6      | Reached skill level 5 in Fighting
  8190 | D:6      | Reached skill level 5 in Unarmed Combat
  9109 | D:6      | Reached XP level 9. HP: 89/89 MP: 3/13
  9120 | D:6      | Gained mutation: You sometimes lose the ability to read
                  | scrolls when taking damage. [mutagenic glow]
  9322 | Temple   | Lost mutation: You sometimes lose the ability to read
                  | scrolls when taking damage. [potion of mutation]
  9322 | Temple   | Gained mutation: A frigid envelope surrounds you and
                  | freezes all who hurt you. [potion of mutation]
  9322 | Temple   | Gained mutation: You have very sharp teeth. [potion of
                  | mutation]
  9383 | D:7      | Noticed Menkaure
  9396 | D:6      | Killed Menkaure
  9469 | D:7      | Noticed Pikel
  9536 | D:7      | Killed Pikel
 10065 | D:7      | Identified the +8 hand axe of Offence {freeze, rC+ Int+4
                  | Dex+2}
 10169 | D:7      | Found a radiant altar of Vehumet.
 10291 | D:7      | Learned a level 3 spell: Teleport Other
 10403 | D:7      | Reached skill level 5 in Spellcasting
 10457 | D:7      | Found Cuivubbi's Elemental Accessories.
 10463 | D:7      | Bought Uri Osuh's Incunabulum of the Rocks for 416 gold
                  | pieces
 10923 | D:7      | Reached XP level 10. HP: 86/104 MP: 13/17
 11329 | D:7      | Learned a level 6 spell: Statue Form
 11420 | D:8      | Noticed a manticore
 11425 | D:8      | Killed a manticore
 11572 | D:8      | Noticed a centaur warrior
 11577 | D:8      | Noticed a two-headed ogre
 11596 | D:7      | Killed a two-headed ogre
 11597 | D:7      | Reached skill level 1 in Earth Magic
 12171 | D:8      | Killed a centaur warrior
 12172 | D:8      | Reached XP level 11. HP: 107/115 MP: 16/20
 12515 | D:8      | Found a staircase to the Lair.
 12618 | D:8      | Noticed a four-headed hydra
 12622 | D:8      | Killed a four-headed hydra
 12899 | Lair:1   | Entered Level 1 of the Lair of Beasts
 12899 | Lair:1   | Noticed an oklob plant
 12997 | Lair:1   | Reached skill level 10 in Fighting
 12997 | Lair:1   | Reached skill level 10 in Unarmed Combat
 13582 | Lair:1   | Noticed a six-headed hydra
 13587 | Lair:1   | Killed a seven-headed hydra
 13588 | Lair:1   | Reached skill level 5 in Dodging
 13820 | Lair:1   | Noticed Ynoky's ghost (novice DsFi)
 13825 | Lair:1   | Found a transporter.
 13829 | Lair:1   | Found a transporter.
 14146 | Lair:1   | Killed an oklob plant
 14336 | D:5      | Bought a scroll of identify for 44 gold pieces
 14336 | D:5      | Bought a potion of curing for 66 gold pieces
 14336 | D:5      | Bought a glowing kite shield for 165 gold pieces
 14701 | Lair:1   | Upgraded the game from 0.28-a0-265-g048bc9fd10 to
                  | 0.28-a0-268-g3f656e82c2
 14717 | Lair:2   | Reached skill level 5 in Earth Magic
 14717 | Lair:2   | Reached XP level 12. HP: 126/126 MP: 18/21
 14862 | Lair:2   | Reached skill level 1 in Shields
 15422 | Lair:2   | Noticed an eight-headed hydra
 15431 | Lair:2   | Killed an eight-headed hydra
 15728 | Lair:2   | Found a staircase to the Swamp.
 16597 | Lair:3   | Noticed a boulder beetle
 16604 | Lair:3   | Killed a boulder beetle
 16605 | Lair:3   | Noticed Fannar
 16688 | Lair:3   | Killed Fannar
 17130 | Lair:3   | Reached skill level 5 in Shields
 17164 | Lair:3   | Found a staircase to the Snake Pit.
 17358 | Lair:3   | Learned a level 5 spell: Manifold Assault
 17407 | Lair:3   | Found a sacrificial altar of Ru.
 17550 | Lair:3   | Noticed a death yak
 17550 | Lair:3   | Noticed a death yak
 17552 | Lair:3   | Noticed a death yak
 17565 | Lair:3   | Killed a death yak
 17568 | Lair:3   | Killed a death yak
 17569 | Lair:3   | Reached XP level 13. HP: 133/133 MP: 18/23
 17907 | Lair:3   | Learned a level 2 spell: Passwall
 17967 | Snake:1  | Entered Level 1 of the Snake Pit
 18186 | Lair:3   | Reached skill level 5 in Translocations
 21273 | Lair:5   | Found a runed translucent door.
 21273 | Lair:5   | Found a viscous altar of Jiyva.
 21273 | Lair:5   | Noticed an acid blob
 21273 | Lair:5   | Noticed an acid blob
 21274 | Lair:5   | Found a staircase to the Slime Pits.
 21274 | Lair:5   | Noticed an acid blob
 21878 | Lair:5   | Reached skill level 10 in Spellcasting
 22140 | Lair:5   | Found the +3 crown of Dyrovepreva {rElec Int+2 SInv}
 22190 | Lair:5   | Learned a level 7 spell: Dragon Form
 22641 | Lair:5   | Noticed Rupert
 22651 | Lair:5   | Killed Rupert
 22652 | Lair:5   | Reached XP level 14. HP: 143/143 MP: 8/28
 23215 | Lair:6   | Entered Level 6 of the Lair of Beasts
 23222 | Lair:6   | Noticed Snorg
 23529 | Lair:6   | Reached skill level 10 in Transmutations
 23644 | Lair:6   | Killed Snorg
 25158 | Lair:6   | Paralysed by a hornet for 2 turns
 25163 | Lair:6   | Noticed Josephine
 25178 | Lair:6   | Killed Josephine
 25333 | Lair:6   | Reached XP level 15. HP: 84/154 MP: 21/29
 25707 | Lair:6   | Found a blossoming altar of Fedhas.
 27063 | Swamp:1  | Entered Level 1 of the Swamp
 27522 | Swamp:1  | Gained mutation: You tend to lose your temper in combat.
                  | [mutagenic glow]
 27589 | Lair:1   | Lost mutation: You tend to lose your temper in combat.
                  | [potion of mutation]
 27589 | Lair:1   | Lost mutation: A frigid envelope surrounds you and freezes
                  | all who hurt you. [potion of mutation]
 27589 | Lair:1   | Gained mutation: You have extremely sharp teeth. [potion of
                  | mutation]
 27589 | Lair:1   | Gained mutation: You are weak. (Str -2) [potion of
                  | mutation]
 27589 | Lair:1   | Gained mutation: You are robust. (+10% HP) [potion of
                  | mutation]
 27885 | Swamp:1  | Noticed a fenstrider witch
 27893 | Swamp:1  | Killed a fenstrider witch
 28343 | Swamp:1  | Noticed Kirke
 28356 | Swamp:1  | Noticed a sphinx
 28358 | Swamp:1  | Killed Kirke
 28562 | Swamp:1  | Gained mutation: You are dopey. (Int -2) [mutagenic glow]
 28665 | Swamp:1  | Noticed Mlioglotl
 28668 | Swamp:1  | You fall into a shaft and drop 1 floor!
 28686 | Swamp:2  | Killed from afar by a spriggan druid

Illustrated notes

Levels and vault maps discovered:
D:1:      tarquinn_simple_flora_water_f, layout_rooms, serial_shops,
          nicolae_diamond_shop, dreamdust_ecumenical_altar_hidden_monk_grotto
D:2:      layout_basic, uniq_jessica, uniq_crazy_yiuf_cottage
D:3:      cheibrodos_pilgrimage, layout_rooms,
          riverfiend_overflow_shadow_ancestor, chequers_avenue,
          minmay_liquid_box, minmay_pentangle
D:4:      layout_loops_ring, serial_shops, nicolae_shop_trees,
          ebering_ghost_disaster_area, uniq_duvessa, uniq_blork_the_orc,
          uniq_ijyb
D:5:      layout_loops_corners, mainiacjoe_overflow_small_starburst,
          mainiacjoe_overflow_surrounded_room, serial_shops, shop
D:6:      cheibrodos_fzero, layout_gridville, minmay_overflow_temple_star_quad,
          minmay_temple_entry_fiery
D:7:      cheibrodos_fertilizer, layout_loops_cross, overflow_temple_1_default,
          nicolae_elemental_shop, uniq_menkaure, uniq_pikel
D:8:      layout_rooms, minmay_lair_entry_grove, enter_bailey_6, kb_rosetta
Temple:   oiseaux_autumnal_temple
Lair:1:   cheibrodos_lair_river_kwai, layout_chaotic_city, gammafunk_ghost_hive,
          chequers_serial_rivers_small_3, chequers_serial_rivers_large_b,
          st_stairs_11, dpeg_stationary_puzzle
Lair:2:   wad_woods_04, layout_chaotic_city, minmay_swamp_entry_worms
Lair:3:   layout_cave_shapes, minmay_snake_entry_six_corridors, basic_altar,
          chequers_serial_rivers_room_a, uniq_fannar
Lair:4:   layout_layer_cave
Lair:5:   layout_layer_cave, slime_altar_2, infiniplex_staircase_pool_2,
          minmay_lair_oklob_chamber, grunt_megastairs_5, uniq_rupert
Lair:6:   minmay_lair_end_enchanted_forest, layout_big_grid,
          chequers_serial_rivers_micro_c, st_stairs_5, tgw_fedhas,
          lemuel_fruit_fields, infiniplex_staircase_pool, uniq_snorg,
          uniq_josephine
Swamp:1:  layout_basic_swamp, evilmike_swamp_ruin_house_6,
          nicolae_swamp_feature_on_the_river_bank, uniq_mlioglotl, uniq_kirke
Swamp:2:  nzn_winding_woodlands_small [nzn_winding_woodlands_5x15_pockets,
          nzn_winding_woodlands_center_diamonds,
          nzn_winding_woodlands_5x15_garden], layout_falls_marsh,
          evilmike_swamp_ruin_house_2, swamp_pool1
Snake:1:  layout_layer_cave, nicolae_snake_dead_anacondas

Skill      XL: |  1  2  3  4  5  6  7  8  9 10 11 12 13 14 |
---------------+-------------------------------------------+-----
Fighting       | 2 3 4 6 7 9 10 11 | 11.9
Transmutations | 2 3 4 5 6 7 8 9 11 | 11.9
Unarmed Combat | 3 4 6 7 9 10 11 | 11.9
Poison Magic   | 1 2 |  2.0
Ice Magic      | 1 2 4 |  4.0
Dodging        | 2 5 |  5.0
Translocations | 1 2 3 5 |  5.0
Spellcasting   | 3 5 6 7 10 | 10.0
Earth Magic    | 4 5 8 |  8.0
Shields        | 6 9 |  9.0

Action                   |  1- 3 |  4- 6 |  7- 9 | 10-12 | 13-15 || total
-------------------------+-------+-------+-------+-------+-------++-------
Melee: Unarmed           |    46 |    64 |   176 |   273 |   660 ||  1219
       Kick              |    11 |     2 |    10 |       |       ||    23
       Headbutt          |     6 |     1 |     5 |       |       ||    12
       Mace              |    44 |       |       |       |       ||    44
       Club              |    19 |       |       |       |       ||    19
       Quarterstaff      |       |    19 |    47 |       |       ||    66
       Hand axe          |       |       |     8 |    82 |    25 ||   115
       Bite              |       |       |       |    16 |    10 ||    26
       Punch             |       |       |       |     7 |     1 ||     8
       Tailslap          |       |       |       |       |     3 ||     3
 Fire: Hunting sling     |       |       |     7 |       |       ||     7
       Fustibalus        |       |       |       |    10 |    49 ||    59
Throw: Boomerang         |    25 |    16 |       |       |       ||    41
       Stone             |       |       |       |       |     1 ||     1
 Cast: Beastly Appendage |    18 |     9 |    10 |       |       ||    37
       Spider Form       |     3 |    12 |    22 |       |     1 ||    38
       Ice Form          |       |       |    17 |    45 |    45 ||   107
       Teleport Other    |       |       |       |     1 |       ||     1
       Blink             |       |       |       |     1 |       ||     1
       Statue Form       |       |       |       |     2 |     8 ||    10
       Manifold Assault  |       |       |       |       |    55 ||    55
       Dragon Form       |       |       |       |       |     5 ||     5
Invok: Potion Petition   |       |       |       |       |     3 ||     3
 Abil: End Transformatio |       |       |     1 |       |     2 ||     3
       Breathe Fire      |       |       |       |       |     5 ||     5
  Use: Scroll            |       |       |     9 |     9 |     9 ||    27
       Potion            |       |       |     4 |     6 |     4 ||    14
 Stab: Distracted        |       |       |       |     2 |     2 ||     4
       Sleeping          |       |       |       |       |     1 ||     1
Armor: Robe              |    32 |     5 |    19 |     4 |     2 ||    62
       Skin              |     3 |     2 |    60 |   101 |   188 ||   354
Dodge: Dodged            |    56 |    56 |   227 |   116 |   208 ||   663
Block: Kite shield       |       |       |       |       |    60 ||    60

Table legend: (Time is in decaauts)
 A = Elapsed time spent in this place.
 B = Non-inter-level travel time spent in this place.
 C = Inter-level travel time spent in this place.
 D = Time resting spent in this place.
 E = Time spent auto-exploring this place.
 F = Levels seen in this place.
 G = Mean time per level.
                   A        B        C        D        E       F      G
               +--------+--------+--------+--------+--------+-----+--------+
         Total |  28924 |  26554 |   2370 |  10592 |   9100 |  18 | 1606.9 |
       Dungeon |  12649 |  11496 |   1153 |   4685 |   4144 |   8 | 1581.1 |
        Temple |    629 |    601 |     28 |    176 |    283 |   1 |  629.0 |
          Lair |  14470 |  13313 |   1157 |   5411 |   4049 |   6 | 2411.7 |
         Swamp |   1173 |   1142 |     31 |    320 |    623 |   2 |  586.5 |
     Snake Pit |      1 |      1 |      0 |      0 |      0 |   1 |    1.0 |
               +--------+--------+--------+--------+--------+-----+--------+

Top non-repeatable levels by time:
  Lair:5: 3090 daAuts
  Lair:2: 2934 daAuts
  Lair:6: 2808 daAuts
  Lair:4: 2311 daAuts
     D:7: 2299 daAuts
     D:5: 1914 daAuts
     D:6: 1884 daAuts
     D:3: 1858 daAuts
  Lair:1: 1820 daAuts
  Lair:3: 1505 daAuts
     D:1: 1380 daAuts
     D:2: 1212 daAuts
     D:4: 1187 daAuts
 Swamp:1: 1157 daAuts
     D:8: 911 daAuts
